Map: Tours du crépuscule

Players

zuka - Winner!

  • Race: Protoss Protoss
  • League: Master

Carpix

  • Race: Zerg Zerg
  • League: Master

VOD

Have the link to the VOD?

Description

Time

  • Played on: Feb. 9, 2016, 2:15 p.m.
  • Length: 12:22
Show
View Real Time Build Order
Export as new Build Order

zuka Protoss - Winner!

Build Orders: Nexus First, Oracle Opening 

Get SALT Encoding   

  12  0:01  Probe (Chrono Boost)  
  13  0:12  Probe (Chrono Boost)  
  14  0:18  Pylon  
  14  0:23  Probe (Chrono Boost)  
  15  0:36  Probe (Chrono Boost)  
  16  0:47  Probe (Chrono Boost)  
  17  1:00  Nexus  
  17  1:10  Gateway  
  17  1:15  Probe (Chrono Boost)  
  18  1:20  Assimilator  
  19  1:25  Probe (Chrono Boost)  
  19  1:28  Assimilator  
  19  1:36  Probe (Chrono Boost)  
  19  1:37  Pylon  
  20  1:47  Gateway  
  20  1:51  Probe (Chrono Boost)  
  21  2:01  Cybernetics Core, Probe (Chrono Boost)  
  21  2:08  Pylon  
  22  2:12  Probe (Chrono Boost)  
  22  2:15  Probe (Chrono Boost)  
  25  2:22  Probe (Chrono Boost)  
  25  2:25  Probe (Chrono Boost)  
  26  2:33  Probe (Chrono Boost)  
  27  2:38  Adept x2 (Chrono Boost)  
  27  2:40  Warp Gate  
  27  2:41  Probe  
  32  2:44  Probe  
  33  2:53  Probe  
  33  2:56  Probe  
  35  3:04  Stargate  
  35  3:06  Probe  
  35  3:08  Probe  
  37  3:14  Pylon  
  37  3:18  Adept x2 (Chrono Boost), Probe  
  42  3:20  Probe  
  43  3:27  Pylon  
  43  3:30  Probe  
  43  3:32  Probe  
  45  3:35  Pylon  
  45  3:42  Assimilator, Probe  
  45  3:45  Mothership Core  
  45  3:47  Assimilator  
  48  3:48  Oracle (Chrono Boost)  
  48  3:54  Probe  
  52  4:00  Pylon  
  52  4:06  Probe x2  
  54  4:20  Void Ray (Chrono Boost)  
  58  4:24  Nexus  
  58  4:27  Probe x2  
  58  4:28  Pylon  
  56  4:39  Probe  
  56  4:43  Probe  
  58  4:52  Probe  
  59  4:58  Adept  
  59  4:59  Adept  
  63  5:03  Pylon, Probe  
  63  5:05  Probe  
  65  5:10  Forge  
  65  5:13  Twilight Council  
  65  5:15  Pylon, Probe  
  65  5:20  Adept x2  
  71  5:21  Probe  
  71  5:27  Probe  
  72  5:33  Probe  
  71  5:39  Probe x2  
  71  5:41  Adept  
  71  5:42  Adept  
  74  5:45  Probe  
  75  5:50  Probe  
  75  5:51  Probe  
  77  5:57  Probe  
  77  6:00  Probe  
  77  6:03  Probe  
  80  6:05  Adept x2  
  80  6:09  Probe  
  80  6:11  Probe  
  77  6:15  Probe  
  79  6:18  Gateway  
  79  6:19  Gateway  
  79  6:21  Protoss Ground Weapons Level 1 (Chrono Boost), Probe x2  
  79  6:22  Charge (Chrono Boost)  
  79  6:23  Robotics Facility  
  81  6:27  Assimilator, Probe  
  81  6:28  Robotics Facility  
  81  6:31  Assimilator  
  81  6:32  Probe  
  82  6:34  Probe  
  82  6:36  Pylon  
  82  6:39  Probe  
  85  6:40  Pylon  
  85  6:42  Probe  
  85  6:46  Probe  
  87  6:48  Zealot  
  87  6:49  Zealot  
  87  6:52  Probe  
  87  6:53  Pylon, Probe  
  92  6:55  Pylon  
  92  6:58  Probe  
  94  7:03  Probe  
  94  7:04  Probe  
  96  7:10  Probe  
  96  7:11  Zealot x2  
  96  7:15  Immortal x2 (Chrono Boost), Probe  
  109  7:16  Probe  
  109  7:21  Phoenix  
  113  7:22  Gateway  
  113  7:25  Gateway  
  113  7:26  Pylon  
  113  7:28  Zealot x2, Templar Archives  
  117  7:31  Photon Cannon  
  117  7:33  Photon Cannon  
  117  7:37  Gateway  
  117  7:38  Gateway  
  117  7:40  Zealot x2  
  121  7:46  Immortal x2 (Chrono Boost)  
  129  7:53  Zealot  
  129  7:54  Zealot  
  133  7:59  Gateway  
  133  8:03  Gateway  
  133  8:07  Gateway  
  133  8:09  Protoss Ground Weapons Level 2 (Chrono Boost)  
  133  8:14  High Templar  
  133  8:15  High Templar x3  
  141  8:20  Archon x2, Pylon  
  141  8:21  Pylon  
  141  8:34  Phoenix (Chrono Boost)  
  141  8:41  Stargate  
  141  8:43  Pylon  
  141  8:44  Immortal x2  
  141  8:47  Zealot  
  141  8:48  Photon Cannon, Zealot  
  153  8:56  Phoenix (Chrono Boost)  
  153  8:58  Pylon  
  153  9:01  Zealot x2  
  153  9:02  Zealot x4  
  167  9:19  Phoenix  
  167  9:20  Warp Prism  
  167  9:21  High Templar x2, Observer  
  167  9:22  High Templar x2  
  180  9:26  Archon x2  
  180  9:28  Pylon  
  180  9:31  Phoenix, Pylon  
  179  9:41  Phoenix  
  181  9:47  High Templar x2  
  181  9:48  Zealot x2  
  181  9:51  Zealot x2  
  181  9:52  Zealot  
  195  9:54  Zealot  
  195  9:55  Archon  
  195  9:57  Pylon  
  188  10:07  Phoenix x2  
  180  10:17  Gateway  
  180  10:18  Gateway  
  180  10:19  Stalker x5  
  166  10:56  Pylon  
  150  10:58  Pylon  
  150  11:00  Pylon  
  136  11:27  Stalker x2  
  136  11:28  Stalker x2  
  136  11:30  Pylon  
  136  11:32  Pylon  
  111  11:55  Stalker x5  
  111  11:56  Stalker  
Show
View Real Time Build Order
Export as new Build Order

Carpix Zerg 

Build Orders: Hatch First 

Get SALT Encoding   

  12  0:01  Drone  
  13  0:08  Drone  
  14  0:17  Overlord  
  14  0:25  Drone, Extractor  
  15  0:36  Drone  
  15  0:37  Drone  
  17  0:54  Hatchery  
  17  0:56  Drone  
  17  1:06  Drone  
  17  1:09  Extractor  
  17  1:14  Drone  
  18  1:20  Spawning Pool  
  18  1:25  Drone  
  18  1:36  Drone  
  19  1:40  Overlord  
  19  1:52  Drone  
  20  2:02  Hatchery  
  19  2:13  Metabolic Boost  
  20  2:15  Zergling x4  
  20  2:17  Zergling x2  
  20  2:20  Drone  
  23  2:28  Queen  
  25  2:37  Queen  
  25  2:41  Drone  
  25  2:43  Drone  
  29  2:45  Drone  
  29  2:50  Drone  
  31  2:55  Overlord  
  31  3:03  Drone x3  
  32  3:19  Zergling x8  
  36  3:23  Queen  
  39  3:27  Drone x3  
  41  3:40  Drone x6  
  46  3:50  Overlord  
  46  3:55  Spore Crawler  
  46  3:57  Spore Crawler, Drone  
  46  4:01  Spore Crawler  
  46  4:02  Extractor  
  43  4:04  Drone x4, Roach Warren  
  43  4:08  Extractor  
  43  4:09  Zergling x4  
  47  4:10  Zergling x2  
  47  4:15  Drone x2  
  50  4:19  Drone x2  
  50  4:22  Drone  
  53  4:26  Lair  
  53  4:30  Zergling x6  
  53  4:31  Zergling x2  
  55  4:39  Zergling x4  
  55  4:40  Zergling x2  
  57  4:48  Zergling x2  
  57  4:49  Zergling x4  
  57  4:54  Overlord  
  57  4:55  Drone  
  57  4:58  Overlord x2  
  57  5:09  Drone  
  57  5:16  Zergling x12  
  57  5:17  Zergling x2  
  62  5:23  Zergling x8  
  62  5:26  Extractor  
  67  5:28  Drone x3  
  67  5:29  Drone  
  67  5:30  Overlord x2, Drone x2  
  67  5:31  Overlord  
  67  5:46  Queen  
  67  5:48  Spire  
  68  5:50  Queen  
  68  5:56  Queen  
  66  6:07  Drone  
  66  6:08  Overlord x4, Drone x4  
  63  6:19  Drone x6  
  63  6:22  Extractor  
  63  6:24  Overlord  
  63  6:25  Overlord  
  68  6:32  Glial Reconstitution  
  68  6:35  Drone x2  
  68  6:36  Hydralisk Den  
  69  6:41  Evolution Chamber  
  69  6:42  Overseer  
  69  6:43  Evolution Chamber  
  67  6:47  Drone x2  
  67  6:48  Drone  
  67  6:49  Drone x4  
  67  6:52  Extractor  
  73  7:09  Zerg Flyer Armor Level 1  
  73  7:10  Muscular Augments  
  73  7:11  Zerg Missile Weapons Level 1  
  73  7:12  Mutalisk x3, Zerg Ground Armor Level 1  
  79  7:16  Drone x3  
  82  7:23  Drone  
  82  7:25  Drone  
  82  7:29  Mutalisk  
  84  7:30  Mutalisk  
  84  7:32  Zergling x10  
  93  7:44  Mutalisk x2  
  93  7:45  Mutalisk  
  93  7:46  Zergling x2  
  93  7:47  Zergling x8  
  93  7:48  Hatchery  
  103  8:11  Mutalisk x4  
  111  8:14  Zergling x6  
  111  8:15  Zergling x14  
  121  8:22  Drone x2  
  123  8:33  Extractor  
  122  8:35  Extractor  
  121  8:43  Mutalisk  
  121  8:44  Mutalisk x4  
  121  8:45  Overlord x3  
  131  8:48  Lurker Den  
  131  8:50  Drone  
  131  8:51  Drone x5  
  137  9:07  Hatchery  
  136  9:11  Overlord  
  136  9:12  Overlord x2  
  136  9:13  Zerg Flyer Armor Level 2  
  136  9:14  Zerg Missile Weapons Level 2  
  136  9:21  Drone x2  
  136  9:22  Drone x7  
  136  9:24  Infestation Pit  
  144  9:40  Hydralisk  
  144  9:41  Hydralisk x8  
  162  9:58  Overlord x2  
  162  10:06  Hydralisk x10  
  177  10:16  Zergling x2  
  177  10:17  Roach  
  177  10:18  Roach x6  
  188  10:31  Roach x7  
  137  10:50  Roach x14  
  130  11:09  Roach x5  
  115  11:21  Hydralisk  
  115  11:22  Hydralisk x3  
  114  11:25  Ravager x3  
  114  11:26  Ravager x2  
  104  11:35  Hydralisk x2  
Tags
 
Add a new tag
Caveats
  • Supply blocks, unpowered buildings, or Contaminate may cause inaccurate times.
  • Supply counts are checked every 10 seconds.